Map: White Rabbit LE

Players

Bazylovca

  • Race: Zerg Zerg
  • League: Diamond
  • Spawn Location: 7:00

HoldTheDoor - Winner!

  • Race: Protoss Protoss
  • League: Diamond
  • Spawn Location: 1:00

VOD

Have the link to the VOD?

Description

Time

  • Played on: May 3, 2026, 12:03 p.m.
  • Length: 13:51
Show
View Real Time Build Order
Export as new Build Order

Bazylovca Zerg 

Build Orders: Hatch First, Lurkers, Roach Hydra 

Get SALT Encoding   

  12  0:01  Drone  
  13  0:09  Drone  
  14  0:15  Extractor  
  14  0:16  Drone  
  15  0:22  Overlord  
  15  0:43  Hatchery  
  15  0:47  Drone  
  15  0:51  Drone  
  15  0:55  Drone  
  17  0:59  Drone  
  18  1:09  Extractor  
  17  1:18  Spawning Pool  
  16  1:20  Drone  
  16  1:21  Drone  
  18  1:30  Drone  
  19  1:41  Drone  
  20  1:51  Drone  
  21  1:55  Overlord  
  21  2:05  Queen x2  
  21  2:06  Zergling x2  
  21  2:07  Zergling x2  
  27  2:13  Drone  
  28  2:28  Hatchery  
  27  2:33  Metabolic Boost  
  27  2:35  Drone  
  28  2:40  Drone  
  28  2:41  Drone  
  30  2:48  Queen  
  32  2:53  Overlord  
  32  3:02  Drone  
  32  3:03  Drone x3  
  36  3:08  Overlord  
  36  3:13  Drone  
  36  3:15  Drone  
  36  3:19  Drone x2  
  40  3:23  Drone x2  
  42  3:33  Drone x2  
  44  3:37  Extractor  
  44  3:38  Roach Warren  
  44  3:41  Drone x2, Evolution Chamber  
  43  3:43  Overlord  
  43  3:52  Overlord  
  43  3:55  Queen  
  43  3:57  Drone  
  43  3:58  Drone x2  
  48  4:03  Drone x2  
  48  4:04  Drone  
  50  4:19  Roach x3  
  50  4:20  Roach x2  
  60  4:25  Overlord  
  60  4:38  Lair  
  60  4:42  Zerg Missile Weapons Level 1, Extractor  
  59  4:45  Spore Crawler  
  59  4:50  Overlord  
  59  4:51  Spore Crawler  
  57  4:53  Overlord x2  
  57  4:55  Spore Crawler  
  57  4:56  Drone x4  
  57  4:57  Drone, Extractor  
  60  5:05  Drone x2  
  62  5:07  Drone x2  
  62  5:08  Drone  
  62  5:13  Drone x2  
  62  5:14  Drone  
  68  5:25  Overlord x2  
  68  5:26  Zergling x4, Roach x2  
  74  5:35  Overseer  
  74  6:03  Hatchery, Roach  
  74  6:04  Roach x6  
  87  6:11  Glial Reconstitution  
  87  6:15  Hydralisk Den  
  86  6:24  Overseer  
  86  6:28  Zergling x4, Roach x4  
  86  6:32  Hatchery  
  95  6:34  Overseer, Spore Crawler  
  93  6:56  Zerg Missile Weapons Level 2  
  93  7:00  Overlord x3  
  93  7:01  Evolution Chamber  
  92  7:02  Grooved Spines  
  92  7:04  Drone x4  
  92  7:05  Drone  
  97  7:09  Drone  
  97  7:14  Zergling x2  
  99  7:21  Drone x4  
  103  7:30  Drone x3  
  103  7:33  Spine Crawler  
  103  7:34  Spine Crawler  
  103  7:36  Spine Crawler  
  103  7:42  Infestation Pit  
  103  7:44  Lurker Den  
  101  7:45  Zerg Ground Armor Level 1  
  101  7:47  Hydralisk  
  101  7:48  Hydralisk x2  
  107  7:52  Muscular Augments  
  107  7:56  Pneumatized Carapace  
  107  8:00  Spore Crawler  
  107  8:02  Drone x5  
  107  8:03  Drone, Extractor  
  107  8:04  Extractor  
  110  8:10  Overlord  
  110  8:11  Overlord  
  110  8:18  Overseer  
  110  8:24  Hatchery  
  109  8:27  Drone x3  
  109  8:29  Drone x2  
  109  8:30  Drone  
  109  8:33  Drone x2  
  117  8:35  Drone  
  117  8:40  Spine Crawler  
  116  8:42  Ravager x5  
  116  8:44  Hydralisk x2  
  125  8:53  Zergling x2  
  125  8:54  Roach x3, Zergling x2  
  133  9:00  Zergling x4, Roach x2  
  133  9:01  Zergling x2  
  140  9:03  Overlord  
  140  9:08  Hydralisk x2  
  144  9:14  Overseer  
  144  9:19  Zerg Melee Weapons Level 1, Hydralisk  
  144  9:20  Hydralisk x2  
  150  9:28  Zergling x6, Roach x2  
  150  9:29  Zergling x2  
  150  9:31  Overlord  
  158  9:45  Hydralisk  
  158  9:46  Hydralisk x2, Roach  
  158  9:48  Overlord x3  
  158  9:50  Drone  
  158  9:51  Drone  
  158  9:52  Drone  
  169  9:53  Drone  
  130  10:16  Zergling x8, Roach x3  
  130  10:17  Roach x5, Zergling x2  
  128  10:24  Zergling x6, Roach x2  
  109  10:42  Hive  
  103  10:43  Hydralisk x3, Roach  
  103  10:44  Roach  
  111  10:53  Hydralisk, Roach  
  111  10:54  Roach  
  117  11:07  Zerg Ground Armor Level 2  
  115  11:11  Hydralisk  
  115  11:12  Hydralisk x3, Roach x2  
  115  11:13  Roach x3  
  133  11:32  Lurker  
  133  11:34  Lurker x5  
  138  11:44  Hatchery  
  111  12:00  Hydralisk x3  
  111  12:01  Hydralisk x4, Roach x4  
  93  12:02  Roach x2  
  101  12:17  Hatchery  
  101  12:18  Drone  
  101  12:19  Drone x3  
  104  12:32  Adaptive Talons  
  85  12:58  Lurker x4  
  85  12:59  Hydralisk x4  
  85  13:01  Zergling x4  
  96  13:07  Overseer  
  96  13:13  Hydralisk, Roach  
Show
View Real Time Build Order
Export as new Build Order

HoldTheDoor Protoss - Winner!

Build Orders: 1 Gate Expand, Archon Immortal, Archon Drop, Dark Templar Rush 

Get SALT Encoding   

  12  0:00  Probe  
  13  0:12  Probe  
  14  0:18  Pylon  
  14  0:24  Probe  
  15  0:32  Probe  
  15  0:39  Gateway  
  15  0:40  Probe  
  16  0:48  Assimilator  
  17  0:51  Probe  
  18  1:03  Probe  
  19  1:21  Nexus  
  19  1:30  Cybernetics Core  
  19  1:32  Probe  
  20  1:40  Assimilator  
  20  1:44  Probe  
  21  1:52  Pylon  
  21  1:56  Probe  
  22  2:06  Warp Gate  
  22  2:08  Probe  
  22  2:09  Stalker  
  25  2:20  Probe  
  26  2:32  Probe  
  27  2:39  Adept  
  27  2:40  Gateway  
  27  2:42  Probe  
  30  2:45  Probe  
  30  2:47  Twilight Council  
  31  2:54  Probe  
  31  2:58  Probe  
  33  3:06  Probe  
  33  3:11  Robotics Facility  
  33  3:12  Probe  
  35  3:16  Assimilator  
  35  3:18  Probe  
  36  3:27  Dark Shrine  
  36  3:29  Pylon  
  36  3:31  Probe x2  
  38  3:43  Probe  
  38  3:45  Probe  
  40  3:55  Probe  
  41  3:56  Gateway  
  41  3:58  Probe, Gateway  
  41  4:01  Pylon  
  42  4:03  Warp Prism  
  44  4:17  Probe  
  45  4:24  Probe  
  45  4:27  Adept x2, Pylon  
  50  4:33  Pylon  
  50  4:53  Nexus  
  50  4:54  Pylon  
  50  5:03  Dark Templar x4  
  58  5:17  Probe x2  
  60  5:27  Pylon  
  60  5:28  Immortal, Charge  
  64  5:29  Probe  
  64  5:32  Forge  
  64  5:33  Probe  
  66  5:48  Dark Templar x2  
  70  5:50  Zealot x2  
  70  5:52  Archon  
  74  6:05  Shield Battery, Probe x2  
  74  6:06  Probe  
  74  6:08  Shield Battery  
  77  6:12  Archon  
  77  6:17  Archon, Probe x2  
  79  6:20  Probe  
  79  6:24  Zealot  
  79  6:25  Zealot x3  
  88  6:29  Gateway, Probe  
  88  6:30  Gateway x2  
  89  6:34  Gateway  
  89  6:54  Immortal  
  93  6:57  Zealot x3  
  93  6:58  Zealot  
  93  7:00  Probe  
  102  7:03  Pylon  
  102  7:04  Pylon  
  102  7:07  Pylon  
  102  7:11  Photon Cannon  
  102  7:13  Photon Cannon  
  102  7:14  Pylon  
  102  7:18  Pylon  
  102  7:21  Dark Templar x2  
  106  7:25  Dark Templar  
  106  7:26  Dark Templar  
  106  7:28  Archon  
  110  7:30  Archon  
  110  7:31  Probe x3  
  113  7:42  Immortal  
  113  7:43  Probe  
  114  7:44  Zealot x4  
  114  7:49  Probe x2  
  128  8:00  Pylon  
  128  8:04  Gateway x2  
  128  8:13  Photon Cannon  
  128  8:17  Pylon  
  128  8:20  Protoss Ground Weapons Level 1  
  128  8:21  Observer  
  128  8:23  Photon Cannon  
  128  8:25  Photon Cannon  
  129  8:27  Pylon  
  129  8:38  Zealot x3  
  129  8:39  Zealot x5  
  145  8:59  Dark Templar  
  145  9:00  Dark Templar x5  
  157  9:04  Archon x3  
  157  9:19  Immortal  
  161  9:48  Zealot x4  
  161  9:49  Zealot x2  
  153  10:09  Zealot  
  153  10:10  Zealot x9  
  83  10:33  Zealot x7  
  83  10:34  Zealot x3  
  102  10:49  Immortal  
  106  10:54  Zealot x4  
  106  10:55  Zealot x6  
  126  11:28  Observer  
  126  11:32  Zealot  
  129  11:33  Zealot x2  
  129  11:34  Zealot x3  
  129  11:35  Zealot  
  129  11:36  Zealot  
  143  11:42  Zealot x2  
  135  11:52  Zealot  
  125  11:54  Zealot x4  
  125  11:55  Zealot x2  
  97  12:17  Observer  
  97  12:22  Robotics Facility  
  98  12:24  Robotics Facility  
  98  12:26  Assimilator, Robotics Facility  
  98  12:28  Pylon  
  98  12:30  Assimilator  
  98  12:33  Stalker x5  
  98  12:34  Stalker x5  
  108  12:56  Zealot x5  
  108  12:57  Zealot x5  
  119  13:14  Observer  
  119  13:18  Observer  
  117  13:29  Stalker x3  
  117  13:30  Stalker x7  
Tags
 
Add a new tag
Caveats
  • Supply blocks, unpowered buildings, or Contaminate may cause inaccurate times.
  • Supply counts are checked every 10 seconds.